 Dungeon Sprint DCSS version 0.19.4-10-g532645f (webtiles) character file.

3227 equalderp2856 the Eviscerator (level 9, -7/45 HPs)
             Began as a Felid Fighter on Feb 24, 2017.
             Was an Initiate of Gozag.
             Killed from afar by Antaeus (52 damage)
             ... with a flash freeze
             ... in the Dungeon (Sprint VII: "The Pits").
             The game lasted 00:18:37 (3077 turns).

equalderp2856 the Eviscerator (Felid Fighter)       Turns: 3077, Time: 00:18:37

Health: -7/45      AC:  2    Str: 22    XL:     9   Next: 66%
Magic:  10/10      EV: 38    Int: 16    God:    Gozag
Gold:   5024       SH:  0    Dex: 18    Spells: 0 memorised, 8 levels left
                                        Lives:  0   Deaths: 3

rFire  + . .     SeeInvis +       - Unarmed
rCold  x . .     Gourm    .     (armour unavailable)
rNeg   . . .     Faith    .     (shield unavailable)
rPois  .         Spirit   .     (helmet unavailable)
rElec  +         Reflect  .     (cloak unavailable)
rCorr  .         Harm     .     (gloves unavailable)
MR     +....     NoTele   +     (boots unavailable)
Stlth  +++++++++.               C - amulet "Nualeli" {Regen+ Str+2 Dex+3 Stlth+}
                                I - ring of Fiplo {Fire rElec Int+6 Dex-4 Stlth+}
                                D - ring of Rygryrok {EV+6 Str+7 Int-2 Dex+3}

@: quick
A: no armour, no weapons or thrown items, stealth, claws 1, fangs 3, see
invisible, carnivore 3, speed 1, shaggy fur 2, slow metabolism 1, sharp paws
a: Potion Petition, Call Merchant, Bribe Branch, Renounce Religion


You were in the Dungeon.
You worshipped Gozag.
Gozag was greatly pleased with you.
You were not hungry.

You visited 1 branch You collected 8574 gold pieces.
You paid 3550 gold pieces to Gozag.

Inventory:

Jewellery
 n - a +3 ring of evasion
 o - a +3 ring of protection
 C - the amulet "Nualeli" (around neck) {Regen+ Str+2 Dex+3 Stlth+}
   (You found it in the Dungeon)

   [amulet of regeneration]

   It affects your strength (+2).
   It affects your dexterity (+3).
   It increases your rate of regeneration.
   It makes you more stealthy.
 D - the ring of Rygryrok (left paw) {EV+6 Str+7 Int-2 Dex+3}
   (You found it in the Dungeon)

   [ring of evasion]

   It affects your evasion (+6).
   It affects your strength (+7).
   It affects your intelligence (-2).
   It affects your dexterity (+3).
 F - the ring of Juacvesi {Ice +Blink Str+5 Slay+5}
   (You found it in the Dungeon)

   [ring of ice]

   It enhances your ice magic.
   It affects your strength (+5).
   It affects your accuracy and damage with ranged weapons and melee attacks
   (+5).
   It makes you vulnerable to fire.
   It protects you from cold.
   It lets you blink.
 G - the amulet "Ykaoshrau" {Reflect Dex+2 SH+6}
   (You found it in the Dungeon)

   [amulet of reflection]

   It shields you and reflects attacks.
   It affects your dexterity (+2).
   It affects your SH (+6).
 H - the ring "Pisakaw" {Wiz Str+6 Int+4}
   (You found it in the Dungeon)

   [ring of wizardry]

   It improves your spell success rate.
   It affects your strength (+6).
   It affects your intelligence (+4).
 I - the ring of Fiplo (right paw) {Fire rElec Int+6 Dex-4 Stlth+}
   (You found it in the Dungeon)

   [ring of fire]

   It enhances your fire magic.
   It affects your intelligence (+6).
   It affects your dexterity (-4).
   It protects you from fire.
   It makes you vulnerable to cold.
   It insulates you from electricity.
   It makes you more stealthy.
 M - the amulet "Ryxucut" {Faith Stlth+}
   (You found it in the Dungeon)

   [amulet of faith]

   It allows you to gain divine favour quickly.
   It makes you more stealthy.
 O - the amulet "Losaut" {Regen+ Dex+3}
   (You found it in the Dungeon)

   [amulet of regeneration]

   It affects your dexterity (+3).
   It increases your rate of regeneration.
 Q - a +5 ring of slaying
 R - the ring "Zaarheoc" {+Blink rC+ MP-9 Dex+4 SInv}
   (You found it in the Dungeon)

   [ring of see invisible]

   It affects your dexterity (+4).
   It protects you from cold.
   It affects your magic capacity (-9).
   It lets you see invisible.
   It lets you blink.
 T - the ring of Reejapp {+Inv rPois rF- Dex+6 SInv}
   (You found it in the Dungeon)

   [ring of dexterity]

   It affects your dexterity (+6).
   It makes you vulnerable to fire.
   It protects you from poison.
   It lets you see invisible.
   It lets you turn invisible.
Wands
 y - a wand of iceblast (8/15)
 z - a wand of hasting (5/9)
 A - a wand of heal wounds (5/9)
Scrolls
 h - a scroll of blinking
 j - 4 scrolls of remove curse
 k - 6 scrolls of amnesia
 l - a scroll of summoning
 q - 4 scrolls of recharging
 s - a scroll of fear
 t - a scroll of fog
Potions
 a - 3 potions of might
 c - 4 potions of curing
 d - 3 potions of heal wounds
 e - a potion of haste
 f - 4 potions of magic
 g - 5 potions of berserk rage
 i - 3 potions of invisibility
 m - a potion of flight {unknown}
 p - 5 potions of brilliance
 r - a potion of agility
 u - 3 potions of cure mutation
Books
 x - the Papyrus of Flight and Calling
   (You found it in the Dungeon)

   Spells                             Type                      Level
   a - Shock                          Conjuration/Air              1
   b - Summon Small Mammal            Summoning                    1
   c - Static Discharge               Conjuration/Air              3
   d - Shadow Creatures               Summoning                    6
   e - Dragon's Call                  Summoning                    9
 B - a Young Poisoner's Handbook

   Spells                             Type                      Level
   a - Sting                          Conjuration/Poison           1
   b - Mephitic Cloud                 Conjuration/Poison/Air       3
   c - Olgreb's Toxic Radiance        Poison                       4
   d - Alistair's Intoxication        Transmutation/Poison         5
   e - Venom Bolt                     Conjuration/Poison           5
 E - a book of the Tempests

   Spells                             Type                      Level
   a - Static Discharge               Conjuration/Air              3
   b - Lightning Bolt                 Conjuration/Air              5
   c - Fireball                       Conjuration/Fire             5
   d - Tornado                        Air                          9
   e - Shatter                        Earth                        9
 J - a book of Callings

   Spells                             Type                      Level
   a - Summon Small Mammal            Summoning                    1
   b - Call Imp                       Summoning                    2
   c - Call Canine Familiar           Summoning                    3
   d - Summon Guardian Golem          Hexes/Summoning              3
   e - Summon Lightning Spire         Summoning/Air                4
   f - Summon Ice Beast               Ice/Summoning                4
 K - a Necronomicon

   Spells                             Type                      Level
   a - Haunt                          Necromancy/Summoning         7
   b - Borgnjor's Revivification      Necromancy                   8
   c - Death's Door                   Charms/Necromancy            8
   d - Infestation                    Necromancy                   8
   e - Necromutation                  Transmutation/Necromancy     8
 L - a book of Party Tricks

   Spells                             Type                      Level
   a - Summon Butterflies             Summoning                    1
   b - Apportation                    Translocation                1
   c - Lesser Beckoning               Translocation                3
   d - Tukima's Dance                 Hexes                        3
   e - Alistair's Intoxication        Transmutation/Poison         5
   f - Invisibility                   Hexes                        6
 N - the Guide on the Compass
   (You found it in the Dungeon)

   Spells                             Type                      Level
   a - Blink                          Translocation                2
   b - Recall                         Summoning/Translocation      3
   c - Passage of Golubria            Translocation                4
   d - Dispersal                      Translocation                6
 P - Sif Muna's Volume of Ignition and Stolen Souls
   (You found it in the Dungeon)

   Spells                             Type                      Level
   a - Flame Tongue                   Conjuration/Fire             1
   b - Animate Skeleton               Necromancy                   1
   c - Control Undead                 Necromancy                   4
   d - Excruciating Wounds            Charms/Necromancy            5
   e - Simulacrum                     Ice/Necromancy               6
 S - a book of Ice

   Spells                             Type                      Level
   a - Ice Form                       Ice/Transmutation            4
   b - Metabolic Englaciation         Hexes/Ice                    5
   c - Ozocubu's Refrigeration        Ice                          6
   d - Bolt of Cold                   Conjuration/Ice              6
   e - Freezing Cloud                 Conjuration/Ice/Air          6
   f - Simulacrum                     Ice/Necromancy               6
 U - a book of Minor Magic

   Spells                             Type                      Level
   a - Magic Dart                     Conjuration                  1
   b - Blink                          Translocation                2
   c - Call Imp                       Summoning                    2
   d - Repel Missiles                 Charms/Air                   2
   e - Slow                           Hexes                        2
   f - Conjure Flame                  Conjuration/Fire             3
   g - Mephitic Cloud                 Conjuration/Poison/Air       3
 V - a book of Debilitation

   Spells                             Type                      Level
   a - Corona                         Hexes                        1
   b - Slow                           Hexes                        2
   c - Gell's Gravitas                Hexes/Translocation          3
   d - Inner Flame                    Hexes/Fire                   3
   e - Cause Fear                     Hexes                        4
   f - Leda's Liquefaction            Hexes/Earth                  4
 W - the Incunabulum of Venomous Boosts
   (You found it in the Dungeon)

   Spells                             Type                      Level
   a - Infusion                       Charms                       1
   b - Sting                          Conjuration/Poison           1
   c - Swiftness                      Charms/Air                   2
   d - Mephitic Cloud                 Conjuration/Poison/Air       3
   e - Poisonous Cloud                Conjuration/Poison/Air       6
   f - Ring of Flames                 Charms/Fire                  7
 X - a book of Enchantments

   Spells                             Type                      Level
   a - Cause Fear                     Hexes                        4
   b - Yara's Violent Unravelling     Hexes/Transmutation          5
   c - Silence                        Hexes/Air                    5
   d - Deflect Missiles               Charms/Air                   6
   e - Discord                        Hexes                        8
 Y - a book of Fire

   Spells                             Type                      Level
   a - Ignite Poison                  Fire/Transmutation/Poison    3
   b - Fireball                       Conjuration/Fire             5
   c - Bolt of Fire                   Conjuration/Fire             6
   d - Delayed Fireball               Conjuration/Fire             7
   e - Ring of Flames                 Charms/Fire                  7
 Z - a Young Poisoner's Handbook

   Spells                             Type                      Level
   a - Sting                          Conjuration/Poison           1
   b - Mephitic Cloud                 Conjuration/Poison/Air       3
   c - Olgreb's Toxic Radiance        Poison                       4
   d - Alistair's Intoxication        Transmutation/Poison         5
   e - Venom Bolt                     Conjuration/Poison           5
Comestibles
 b - 7 meat rations


   Skills:
 + Level 8.8 Fighting
 + Level 16.2 Dodging
 + Level 18.8 Stealth
 + Level 21.5 Unarmed Combat


You had 8 spell levels left.
You didn't know any spells.

Dungeon Overview and Level Annotations

Branches:
Dungeon (1/1)

Altars:
Ashenzari
Cheibriados
Dithmenos
Elyvilon
Fedhas
Gozag
Hepliaklqana
Kikubaaqudgha
Makhleb
Nemelex Xobeh
Okawaru
Qazlal
Ru
Sif Muna
Trog
Uskayaw
Vehumet
Xom
Yredelemnul
Zin
The Shining One
Beogh
Jiyva
Lugonu

Annotations:
D Antaeus, Murray


Innate Abilities, Weirdness & Mutations

You cannot wear armour.
You are incapable of wielding weapons or throwing items.
Your paws allow you to move quietly. (Stealth)
You have sharp claws.
You have razor-sharp teeth.
You have supernaturally acute eyesight. (SInv)
You are carnivorous and can eat meat at any time.
You cover ground quickly.
You are covered in thick fur. (AC +2)
You have a slow metabolism.
Your sharp claws are effective at attacking unaware monsters.


Message History

The titan shouts!
The red draconian roars!
The fire giant points at Murray and mumbles some strange words.
The bolt of fire hits Murray.
Murray resists.
The titan hits you!!!
Ouch! That really hurt!
You die...
The ice dragon is distracted by the nearby gold.
The red draconian hits you with a war axe!
Murray bites the fire giant!
The fire giant's magic leaks into the air.
Murray barely misses the fire giant.
The ice dragon roars deafeningly!
You are now level 9!
You rejoin the land of the living...
Antaeus gestures at you. The flash freeze hits you!
You feel a painful chill!
Ouch! That really hurt!
You die...
Your body crumbles into a pile of gold.

.#..# ....# ....#
.#..##++#++#++#++#++#++#
....''..'..'..'..'<<'dC+
....''..'..'..'Cz'<<'$D+
##''####################
#''#############################
#..............@.............H..
##........................)......
##..##############)'#############
##..# #........# #..# #.#.$.)#.#
#..# #..).)$)NC)).# #..#
#.#)#$...#.#.# #..#
#........$...# #..#
#.#.#)...#.#.#


You could see Antaeus and a naga warrior (wandering).

Vanquished Creatures
  A death cob (D)
  An azure jelly (D)
  A death yak (D)
  A vampire mage (D)
  A sea snake (D)
  An unseen horror (D)
  A flayed ghost (D)
  An orc knight (D)
  A deep elf mage (D)
  An eye of devastation (D)
  A kobold demonologist (D)
  A rime drake (D)
  A freezing wraith (D)
  An ice devil (D)
  2 jumping spiders (D)
  A tyrant leech (D)
  A hornet (D)
  10 blink frogs (D)
  A flying skull (D)
  An air elemental (D)
  2 tarantellas (D)
  A water elemental (D)
  3 redbacks (D)
  Eustachio (D)
  4 yaks (D)
  A hungry ghost (D)
  4 vampire mosquitoes (D)
  A warg (D)
  2 floating eyes (D)
  2 swamp drakes (D)
  A soldier ant (D)
  A black bear (D)
  An ice beast (D)
  A centaur (D)
  A bullfrog (D)
  A scorpion (D)
  A gnoll shaman (D)
  An orc wizard (D)
  An iron imp (D)
  A hell rat (D)
  2 iguanas (D)
  4 gnolls (D)
  An adder (D)
  A white imp (D)
  2 oozes (D)
  An adder zombie (D)
  2 leopard geckos (D)
  An orc (D)
  A ball python (D)
  A bat zombie (D)
  A giant cockroach (D)
  3 hobgoblins (D)
  A kobold (D)
  A quokka (D)
  A giant cockroach simulacrum (D)
  A leopard gecko zombie (D)
  A rat (D)
86 creatures vanquished.

Vanquished Creatures (collateral kills)
  A deep elf sorcerer (D)
  An emperor scorpion (D)
  A deep elf demonologist (D)
  A yellow draconian (D)
  A yaktaur (D)
  An elephant (D)
  A freezing wraith (D)
  An eye of draining (D)
8 creatures vanquished.

Vanquished Creatures (others)
  A titan (D)
  4 sphinxes (D)
  A death cob (D)
  A nagaraja (D)
  A deep elf sorcerer (D)
  2 orc warlords (D)
  A war gargoyle (D)
  A black draconian (D)
  A deep elf demonologist (D)
  A naga warrior (D)
  A deep elf annihilator (D)
  2 white draconians (D)
  2 deep elf high priests (D)
  5 vault guards (D)
  A catoblepas (D)
  A merfolk aquamancer (D)
  3 death yaks (D)
  A soul eater (D)
  12 orc knights (D)
  A naga mage (D)
  A kobold demonologist (D)
  A demonic crawler (D)
  A merfolk (D)
  4 blink frogs (D)
  2 spriggans (D)
  3 water elementals (D)
  A basilisk (D)
  A steam dragon (D)
  A floating eye (D)
  An orc priest (D)
  A worm (D)
  An adder simulacrum (D)
  2 orcs (D)
63 creatures vanquished.

Grand Total: 157 creatures vanquished

Notes
Turn   | Place    | Note
-------+----------+-------------------------------------------
     0 | D        | equalderp2856 the Felid Fighter began the quest for the Orb.
     0 | D        | Reached XP level 1. HP: 10/10 MP: 2/2
    52 | D        | Found a radiant altar of Vehumet.
    52 | D        | Found a hide-covered altar of Uskayaw.
    52 | D        | Found an ancient bone altar of Kikubaaqudgha.
    52 | D        | Found a viscous altar of Jiyva.
    52 | D        | Found a hazy altar of Hepliaklqana.
    53 | D        | Found a bloodstained altar of Trog.
    53 | D        | Found a deep blue altar of Sif Muna.
    53 | D        | Found a sacrificial altar of Ru.
    53 | D        | Found a stormy altar of Qazlal.
    53 | D        | Found an iron altar of Okawaru.
    53 | D        | Found a sparkling altar of Nemelex Xobeh.
    53 | D        | Found an opulent altar of Gozag.
    53 | D        | Found a blossoming altar of Fedhas.
    53 | D        | Found a white marble altar of Elyvilon.
    53 | D        | Found a shadowy altar of Dithmenos.
    53 | D        | Found a snail-covered altar of Cheibriados.
    54 | D        | Found a glowing golden altar of the Shining One.
    54 | D        | Found a glowing silver altar of Zin.
    55 | D        | Found a burning altar of Makhleb.
    55 | D        | Found a basalt altar of Yredelemnul.
    55 | D        | Found a roughly hewn altar of Beogh.
    56 | D        | Found a corrupted altar of Lugonu.
    56 | D        | Found a shimmering altar of Xom.
    56 | D        | Found a shattered altar of Ashenzari.
    59 | D        | Became a worshipper of Gozag Ym Sagoz the Greedy
    72 | D        | Noticed a floating eye
    81 | D        | Reached skill level 1 in Stealth
    81 | D        | Reached skill level 5 in Unarmed Combat
    81 | D        | Reached XP level 2. HP: 6/15 MP: 3/3
    83 | D        | Killed a floating eye
    83 | D        | Reached skill level 5 in Fighting
    83 | D        | Reached skill level 8 in Unarmed Combat
    83 | D        | Reached XP level 3. HP: 7/19 MP: 4/4
    83 | D        | Reached XP level 4. HP: 9/23 MP: 5/5
   298 | D        | Noticed a black bear
   320 | D        | Killed a black bear
   320 | D        | Reached skill level 5 in Stealth
   320 | D        | Reached skill level 9 in Unarmed Combat
   320 | D        | Reached XP level 5. HP: 10/27 MP: 6/6
   558 | D        | Noticed a flying skull
   569 | D        | Reached skill level 10 in Unarmed Combat
   573 | D        | Gained mutation: You are covered in thick fur. (AC +2) [Felid growth]
   573 | D        | Reached XP level 6. HP: 31/31 MP: 7/7
   610 | D        | Killed a flying skull
   610 | D        | Reached skill level 11 in Unarmed Combat
   648 | D        | Noticed an ice devil
   662 | D        | Killed an ice devil
   662 | D        | Reached skill level 12 in Unarmed Combat
   662 | D        | Reached XP level 7. HP: 29/35 MP: 8/8
   712 | D        | Noticed a hungry ghost
   722 | D        | Killed a hungry ghost
   722 | D        | Reached skill level 10 in Stealth
   722 | D        | Reached skill level 13 in Unarmed Combat
   727 | D        | Reached XP level 8. HP: 38/39 MP: 9/9
   743 | D        | Noticed Eustachio
   761 | D        | Reached skill level 14 in Unarmed Combat
   779 | D        | Killed Eustachio
   779 | D        | Reached skill level 10 in Dodging
  1041 | D        | Reached skill level 15 in Unarmed Combat
  1049 | D        | Reached XP level 9. HP: 43/43 MP: 10/10
  1063 | D        | Noticed an unseen horror
  1073 | D        | Killed an unseen horror
  1073 | D        | Reached skill level 16 in Unarmed Combat
  1203 | D        | Noticed a flayed ghost
  1203 | D        | Noticed a deep elf mage
  1223 | D        | Killed a flayed ghost
  1242 | D        | Killed a deep elf mage
  1242 | D        | Reached skill level 17 in Unarmed Combat
  1242 | D        | Reached XP level 10. HP: 48/48 MP: 11/11
  1291 | D        | Noticed an eye of devastation
  1295 | D        | Killed an eye of devastation
  1356 | D        | Reached skill level 15 in Stealth
  1357 | D        | Reached skill level 18 in Unarmed Combat
  1398 | D        | Noticed a sixfirhy
  1679 | D        | Noticed a sea snake
  1684 | D        | Noticed a death cob
  1704 | D        | Slain by a death cob
  1705 | D        | Reached XP level 9. HP: -5/44 MP: 10/10
  1726 | D        | Killed a death cob
  1726 | D        | Reached skill level 19 in Unarmed Combat
  1726 | D        | Reached XP level 10. HP: 28/48 MP: 11/11
  1758 | D        | Killed a sea snake
  1882 | D        | Identified the Papyrus of Flight and Calling (You found it in the Dungeon)
  1943 | D        | Noticed a deep troll
  1952 | D        | Reached skill level 15 in Dodging
  1977 | D        | Noticed a vampire knight
  1987 | D        | Reached skill level 20 in Unarmed Combat
  2109 | D        | Noticed a death cob
  2109 | D        | Noticed an elephant
  2109 | D        | Killed an elephant
  2109 | D        | Reached XP level 11. HP: 52/52 MP: 12/12
  2254 | D        | Noticed an emperor scorpion
  2254 | D        | Noticed a war gargoyle
  2255 | D        | Noticed a deep elf demonologist
  2256 | D        | Noticed a sphinx
  2259 | D        | Killed a war gargoyle
  2266 | D        | Noticed a vampire mage
  2266 | D        | Killed an emperor scorpion
  2279 | D        | Noticed a white draconian
  2280 | D        | Noticed a jiangshi
  2280 | D        | Noticed a flayed ghost
  2280 | D        | Killed a vampire mage
  2295 | D        | Killed a nagaraja
  2302 | D        | Killed a white draconian
  2398 | D        | Noticed a white draconian
  2405 | D        | Noticed a deep elf high priest
  2416 | D        | Noticed a white draconian
  2417 | D        | Noticed a sphinx
  2419 | D        | Noticed a sphinx
  2419 | D        | Noticed a deep elf annihilator
  2420 | D        | Noticed a soul eater
  2420 | D        | Noticed a deep elf high priest
  2420 | D        | Killed a deep elf high priest
  2425 | D        | Killed a yellow draconian
  2431 | D        | Noticed a deep elf demonologist
  2431 | D        | Noticed a black draconian
  2431 | D        | Noticed a deep elf sorcerer
  2438 | D        | Killed a deep elf sorcerer
  2443 | D        | Killed a deep elf demonologist
  2444 | D        | Killed a deep elf high priest
  2452 | D        | Killed a deep elf demonologist
  2455 | D        | Killed a sphinx
  2554 | D        | Got the amulet of Gamocriu {+Rage rN+ Dex+5}
  2556 | D        | Got the amulet "Nualeli" {Regen+ Str+2 Dex+3 Stlth+}
  2559 | D        | Got the ring "Kumm" {rF+ rN++ Str+4 Int+4 Stlth-}
  2561 | D        | Got the amulet "Gesuc" {rElec rPois MR+ Regen+}
  2563 | D        | Got the amulet "Ranij" {RegenMP Int+3 SInv}
  2565 | D        | Got the amulet "Ykaoshrau" {Reflect Dex+2 SH+6}
  2568 | D        | Got the amulet of Ovyafoo {Reflect +Blink Dex+6 SH+3 Stlth-}
  2570 | D        | Got the ring of Fiplo {Fire rElec Int+6 Dex-4 Stlth+}
  2572 | D        | Got the amulet "Aloo" {Regen+ Dex+6}
  2576 | D        | Got the ring "Vablod Ynurr" {rPois MP+9 Slay+5}
  2578 | D        | Got the amulet of Esixae {RegenMP Fragile rPois rN+++ Str-3}
  2580 | D        | Got the amulet "Ryxucut" {Faith Stlth+}
  2582 | D        | Got the ring "Kumafuaj" {rElec rPois rF+ MR- Slay+2}
  2584 | D        | Got the amulet "Losaut" {Regen+ Dex+3}
  2610 | D        | Got the ring "Necu" {+Inv rPois Int+3 Stlth-}
  2612 | D        | Got the ring of Rygryrok {EV+6 Str+7 Int-2 Dex+3}
  2614 | D        | Got the ring "Jamen" {Wiz Str-2 Int+4 Dex+2}
  2616 | D        | Got the ring of Juacvesi {Ice +Blink Str+5 Slay+5}
  2618 | D        | Got the ring "Pisakaw" {Wiz Str+6 Int+4}
  2620 | D        | Got the ring of Doubts {Wiz Dex+4}
  2623 | D        | Got the ring "Nyuthao" {*Slow rElec MR+ Int+4 Dex+2}
  2625 | D        | Got the ring "Yreumm" {rElec MR+}
  2627 | D        | Got the ring "Jootic" {rN+ Str+3 Dex-2 SInv}
  2632 | D        | Got the ring "Zaarheoc" {+Blink rC+ MP-9 Dex+4 SInv}
  2635 | D        | Got the ring of Charity {Ice rElec Str+5}
  2637 | D        | Got the ring of Reejapp {+Inv rPois rF- Dex+6 SInv}
  2639 | D        | Got the ring "Vurhouph" {*Contam *Corrode rPois rC+ Str+8}
  2698 | D        | Identified the Guide on the Compass (You found it in the Dungeon)
  2700 | D        | Identified Sif Muna's Volume of Ignition and Stolen Souls (You found it in the Dungeon)
  2714 | D        | Identified the Incunabulum of Venomous Boosts (You found it in the Dungeon)
  2831 | D        | Noticed a titan
  2835 | D        | Noticed an azure jelly
  2837 | D        | Killed an azure jelly
  2837 | D        | Reached skill level 21 in Unarmed Combat
  2840 | D        | Noticed Antaeus
  2879 | D        | Killed a sphinx
  2883 | D        | Noticed a death yak
  2884 | D        | Noticed an orc knight
  2884 | D        | Noticed an orc knight
  2884 | D        | Noticed an orc knight
  2884 | D        | Noticed an orc knight
  2885 | D        | Noticed a naga warrior
  2885 | D        | Noticed an orc knight
  2885 | D        | Noticed an orc warlord
  2885 | D        | Noticed an orc warlord
  2885 | D        | Noticed an orc knight
  2885 | D        | Noticed a death yak
  2886 | D        | Noticed an orc knight
  2886 | D        | Noticed a vault guard
  2886 | D        | Noticed an orc knight
  2886 | D        | Noticed an orc knight
  2886 | D        | Noticed an orc knight
  2886 | D        | Noticed an orc knight
  2886 | D        | Noticed a death yak
  2886 | D        | Noticed an orc knight
  2888 | D        | Noticed a death yak
  2889 | D        | Noticed a vault guard
  2889 | D        | Killed an orc knight
  2889 | D        | Killed an orc knight
  2890 | D        | Noticed an orc knight
  2891 | D        | Noticed a vault guard
  2891 | D        | Killed an orc knight
  2897 | D        | Killed an orc knight
  2897 | D        | Killed an orc knight
  2898 | D        | Noticed a merfolk aquamancer
  2900 | D        | Killed a death yak
  2900 | D        | Killed a death yak
  2914 | D        | Killed a vault guard
  2918 | D        | Killed an orc warlord
  2922 | D        | Killed an orc knight
  2924 | D        | Noticed a vault guard
  2926 | D        | Killed a death yak
  2927 | D        | Killed a vault guard
  2927 | D        | Killed an orc knight
  2930 | D        | Killed a vault guard
  2931 | D        | Killed a death yak
  2939 | D        | Noticed a catoblepas
  2942 | D        | Killed an orc knight
  2943 | D        | Killed a catoblepas
  2944 | D        | Killed an orc knight
  2951 | D        | Killed a vault guard
  2967 | D        | Noticed a naga warrior
  2995 | D        | Annihilated by Antaeus
  2996 | D        | Reached XP level 10. HP: -38/49 MP: 11/11
  3002 | D        | Killed an orc knight
  3013 | D        | Killed an orc warlord
  3014 | D        | Killed an orc knight
  3019 | D        | Killed an orc knight
  3037 | D        | Noticed a storm dragon
  3037 | D        | Noticed a deep elf master archer
  3038 | D        | Noticed a soul eater
  3039 | D        | Noticed a swamp dragon
  3056 | D        | Noticed a fire giant
  3060 | D        | Noticed Murray
  3068 | D        | Noticed a red draconian
  3068 | D        | Noticed a titan
  3068 | D        | Noticed an ice dragon
  3068 | D        | Killed a deep elf sorcerer
  3071 | D        | Slain by a titan
  3072 | D        | Reached XP level 9. HP: -4/45 MP: 10/10
  3074 | D        | Killed a naga warrior
  3077 | D        | Killed from afar by Antaeus

Skill      XL: |  1  2  3  4  5  6  7  8  9 10 11 |
---------------+----------------------------------+-----
Stealth        | 1 4 5 6 9 10 12 16 17 18 | 18.8
Unarmed Combat | 5 8 9 10 12 13 15 19 20 21 | 21.5
Fighting       | 5 6 7 8 |  8.8
Dodging        | 6 7 8 9 10 11 15 16 | 16.2

Action                   |  1- 3 |  4- 6 |  7- 9 | 10-12 || total
-------------------------+-------+-------+-------+-------++-------
Melee: Unarmed           |    10 |    81 |    86 |   144 ||   321
       Bite              |       |     5 |    13 |     7 ||    25
       Punch             |       |     4 |     8 |    14 ||    26
Invok: Potion Petition   |       |       |     2 |       ||     2
       Bribe Branch      |       |       |       |     1 ||     1
  Use: Potion            |       |     5 |     2 |     7 ||    14
 Stab: Sleeping          |     3 |     3 |     3 |    12 ||    21
       Distracted        |       |       |     2 |     4 ||     6
  Eat: Meat ration       |       |       |       |     1 ||     1
Armor: Skin              |       |     1 |     4 |     3 ||     8
Dodge: Dodged            |     3 |    68 |    77 |   115 ||   263
